Map: Acropolis LE

Players

INject - Winner!

  • Race: Terran Terran
  • League: Diamond
  • Spawn Location: 5:00

A.I. 1 (Medium)

  • Race: Protoss Protoss
  • Spawn Location: 11:00

VOD

Have the link to the VOD?

Description

tvp 2 base 6 min push
1 wmine raven 3 tanks 12 marines 3 marauders 2 mvacs
tvt substitute marauders and concussive for extra tank. or lib

Time

  • Played on: Sept. 17, 2019, 11:15 p.m.
  • Length: 10:00
Show
View Real Time Build Order
Export as new Build Order

INject Terran - Winner!

Build Orders: Reaper Expand 

Get SALT Encoding   

  12  0:00  SCV  
  13  0:13  SCV  
  14  0:17  Supply Depot  
  14  0:25  SCV  
  15  0:39  SCV  
  15  0:40  Barracks  
  16  0:46  Refinery  
  16  0:51  SCV  
  17  1:03  SCV  
  18  1:15  SCV  
  19  1:27  Orbital Command  
  19  1:30  Reaper  
  20  1:44  Command Center  
  20  1:53  SCV  
  21  1:55  Supply Depot  
  21  1:59  Refinery  
  21  2:02  Marine  
  21  2:06  SCV  
  23  2:18  SCV  
  23  2:20  Factory  
  24  2:27  Barracks Reactor  
  24  2:31  Bunker  
  24  2:32  SCV  
  25  2:44  SCV  
  26  2:56  SCV  
  28  3:01  Orbital Command  
  28  3:03  Marine x2  
  28  3:04  Widow Mine  
  31  3:07  Starport  
  31  3:09  SCV  
  32  3:21  SCV  
  32  3:24  Barracks  
  33  3:29  SCV  
  33  3:31  Factory Tech Lab  
  33  3:33  SCV  
  34  3:39  Supply Depot  
  34  3:41  SCV  
  34  3:43  Marine x2  
  34  3:45  SCV  
  38  3:49  Refinery  
  38  3:53  SCV  
  38  3:54  Barracks  
  39  3:57  SCV  
  39  3:59  Raven  
  39  4:00  Factory Tech Lab  
  42  4:06  SCV  
  42  4:08  Engineering Bay  
  44  4:10  SCV  
  44  4:12  Barracks Tech Lab  
  44  4:17  Refinery  
  44  4:18  SCV  
  44  4:22  Supply Depot, SCV  
  46  4:24  Siege Tank  
  46  4:26  Marine  
  50  4:32  SCV  
  50  4:35  Terran Infantry Weapons Level 1  
  51  4:39  Supply Depot  
  51  4:41  Stimpack  
  51  4:50  Combat Shield  
  51  4:51  Marine  
  51  4:52  Marine x2  
  54  4:56  Supply Depot  
  54  4:57  Marine, SCV  
  54  4:59  Starport Reactor  
  56  5:03  Siege Tank  
  59  5:09  Marine x2  
  59  5:10  Marauder  
  59  5:12  SCV  
  59  5:13  SCV  
  65  5:17  Marauder  
  67  5:21  Supply Depot  
  67  5:25  SCV x2  
  67  5:27  Supply Depot, Marine  
  70  5:34  Marauder  
  75  5:35  Medivac, Siege Tank  
  75  5:37  SCV  
  78  5:43  Marauder  
  78  5:46  Medivac  
  78  5:48  Marine  
  83  5:52  Supply Depot, SCV  
  84  5:59  SCV  
  84  6:02  Supply Depot  
  84  6:03  Marauder, Marine  
  84  6:04  SCV  
  89  6:13  SCV  
  89  6:18  Supply Depot  
  90  6:21  Widow Mine  
  90  6:23  Engineering Bay  
  92  6:25  Command Center  
  92  6:26  Concussive Shells, Armory  
  92  6:28  Medivac  
  94  6:40  Marine x2  
  94  6:41  Marauder  
  94  6:46  Terran Infantry Armor Level 1  
  98  6:47  Supply Depot  
  98  6:48  Supply Depot  
  98  6:57  Supply Depot  
  98  6:58  Barracks, Marine x2  
  98  6:59  Barracks  
  100  7:10  Marine  
  100  7:11  Marauder  
  100  7:12  Widow Mine, Medivac  
  105  7:16  SCV  
  106  7:24  Terran Infantry Weapons Level 2  
  106  7:28  Supply Depot  
  106  7:30  Supply Depot, Medivac, Ghost Academy  
  106  7:33  Marine  
  106  7:34  Marauder  
  111  7:37  SCV x2  
  111  7:38  SCV  
  114  7:47  Marine  
  114  7:48  Marauder  
  114  7:49  Barracks Reactor, SCV  
  114  7:50  Barracks Tech Lab  
  118  7:52  Marine  
  118  7:55  Marauder  
  122  7:58  SCV  
  122  7:59  Orbital Command  
  122  8:02  Refinery, SCV  
  123  8:10  SCV  
  123  8:14  SCV  
  123  8:19  Marauder, Marine x2  
  128  8:20  Marine  
  128  8:22  SCV  
  130  8:29  Marine x2  
  130  8:30  Marauder  
  134  8:35  Command Center  
  134  8:37  Marine  
  134  8:38  Marauder  
  134  8:39  Marine  
  134  8:41  Marauder  
  140  8:47  Marine x2  
  138  8:51  Marauder  
  138  8:54  Marine  
  139  8:56  Marine  
  139  9:00  Marauder  
  139  9:02  Marauder, Refinery  
  144  9:04  Supply Depot  
  144  9:05  Marine x2, SCV  
  147  9:12  Marauder  
  149  9:21  Marauder  
  149  9:24  Marauder  
  153  9:26  Marine  
  153  9:30  Marine, SCV  
  153  9:34  Marauder  
  153  9:35  Supply Depot, Command Center  
  153  9:37  Supply Depot  
  155  9:43  Starport x2  
  155  9:44  Fusion Core  
Show
View Real Time Build Order
Export as new Build Order

A.I. 1 (Medium) Protoss 

Build Orders: 1 Gate Expand 

Get SALT Encoding   

  12  0:00  Probe  
  13  0:13  Probe  
  14  0:19  Pylon  
  14  0:25  Probe  
  15  0:34  Probe  
  15  0:42  Probe  
  17  0:50  Gateway  
  17  1:09  Probe  
  17  1:11  Nexus  
  18  1:27  Pylon  
  18  1:29  Assimilator  
  18  1:40  Zealot  
  18  1:41  Cybernetics Core, Probe  
  21  1:54  Probe  
  22  2:04  Gateway, Probe  
  23  2:12  Assimilator  
  23  2:13  Stalker  
  23  2:17  Probe  
  23  2:19  Pylon  
  26  2:28  Probe  
  27  2:31  Warp Gate  
  27  2:41  Probe  
  27  2:42  Adept  
  27  2:44  Probe  
  30  3:03  Adept, Assimilator  
  32  3:16  Probe  
  32  3:17  Adept  
  32  3:18  Probe  
  34  3:26  Probe  
  36  3:28  Probe  
  38  3:38  Probe  
  38  3:40  Probe, Sentry  
  42  3:50  Probe  
  42  3:53  Stalker  
  43  3:55  Pylon  
  43  3:57  Probe  
  43  4:02  Probe  
  47  4:09  Probe  
  48  4:14  Probe  
  49  4:18  Zealot  
  49  4:21  Pylon, Probe  
  49  4:24  Probe  
  53  4:33  Probe  
  53  4:35  Probe  
  53  4:36  Sentry  
  56  4:40  Pylon  
  56  4:45  Probe  
  58  4:46  Probe  
  59  4:54  Stalker  
  59  4:57  Probe  
  59  4:59  Probe, Robotics Facility  
  63  5:09  Probe  
  63  5:10  Pylon  
  63  5:11  Probe  
  63  5:12  Stalker  
  67  5:21  Probe  
  67  5:22  Forge  
  67  5:23  Probe  
  68  5:30  Probe, Stalker  
  68  5:33  Pylon  
  72  5:35  Probe  
  72  5:38  Probe  
  72  5:41  Pylon  
  73  5:47  Probe  
  73  5:48  Observer, Probe, Adept  
  77  5:52  Pylon  
  77  5:55  Stargate  
  78  5:58  Twilight Council  
  78  5:59  Photon Cannon  
  78  6:02  Photon Cannon  
  78  6:06  Gateway, Adept  
  78  6:08  Forge  
  78  6:10  Observer  
  81  6:16  Photon Cannon  
  81  6:18  Photon Cannon  
  81  6:24  Adept  
  83  6:40  Assimilator  
  83  7:01  Sentry  
  55  7:19  Adept  
  57  7:37  Zealot  
  57  7:40  Observer  
  55  7:55  Adept  
  57  8:12  Observer  
  61  8:18  Zealot  
  52  8:29  Probe  
  52  8:33  Immortal  
  37  8:35  Zealot  
  21  8:41  Probe  
  21  8:42  Zealot  
  22  8:54  Forge, Probe  
  18  9:02  Stalker  
  16  9:06  Probe  
Tags
 
Add a new tag
Caveats
  • Supply blocks, unpowered buildings, or Contaminate may cause inaccurate times.
  • Supply counts are checked every 10 seconds.